 Dungeon Sprint DCSS version 0.29.1-2-gbd0b4ee654 (webtiles) character file.

Game seed: 12162070687732538735

5847 Groucho the Unseen (level 10, -1/53 HPs)
             Began as a Spriggan Enchanter on Nov 13, 2022.
             Was an Elder of Dithmenos.
             Slain by a kraken (23 damage)
             ... in the Dungeon (Sprint II: "The Violet Keep of Menkaure") on Nov 14, 2022.
             The game lasted 00:15:50 (782 turns).

Groucho the Unseen (Spriggan Enchanter)              Turns: 782, Time: 00:15:50

Health: -1/53      AC:  3    Str:  8    XL:     10   Next: 51%
Magic:  17/27      EV: 25    Int: 17    God:    Dithmenos [****..]
Gold:   146        SH:  0    Dex: 14    Spells: 22/33 levels left

rFire   . . .      SeeInvis +   a - +1 dagger
rCold   . . .      Faith    .   (no shield)
rNeg    . . .      Spirit   .   b - +0 robe
rPois   +          Reflect  .   (helmet restricted)
rElec   .          Harm     .   m - +0 cloak
rCorr   .          Rampage  .   (gloves unavailable)
Will    +....      NoTele   +   (boots unavailable)
Stlth   +++++++++.              (no amulet)
HPRegen 0.17/turn               f - ring of poison resistance
MPRegen 0.20/turn               (no ring)

@: flying, wreathed by umbra, very quick
A: very small, no large weapons, unfitting armour, see invisible, speed 3,
clumsy 1, screaming 1
a: Renounce Religion, Shadow Step


You were in the Dungeon.
You worshipped Dithmenos.
Dithmenos was greatly pleased with you.
You visited 1 branch You collected 1303 gold pieces.
You spent 1157 gold pieces at shops.

Inventory:

Hand Weapons
 a - a +1 dagger (weapon)
Missiles
 c - 6 boomerangs (quivered)
 h - 3 poisoned darts
Armour
 b - a +0 robe (worn)
 m - a +0 cloak (worn)
Jewellery
 f - a ring of poison resistance (left hand)
Scrolls
 i - a scroll of amnesia {unknown}
Potions
 d - 2 potions of curing
 e - 4 potions of heal wounds
 g - 2 potions of magic
 j - 4 potions of flight
 k - 2 potions of might
 l - a potion of berserk rage


   Skills:
 + Level 6.9 Fighting
 + Level 9.3 Short Blades
 * Level 13.6 Dodging
 - Level 16.0 Stealth
 + Level 12.2 Spellcasting
 * Level 6.7 Conjurations
 - Level 14.0 Hexes


You had 22 spell levels left.
You knew the following spells:

 Your Spells              Type           Power      Damage    Failure   Level
a - Ensorcelled Hibernat  Hex/Ice        68%        N/A       1%          2
b - Confusing Touch       Hex            55%        N/A       1%          3
c - Dazzling Flash        Conj/Hex       90%        N/A       1%          3
d - Tukima's Dance        Hex            55%        N/A       1%          3

Your spell library contained the following spells:

 Spells                   Type           Power      Damage    Failure   Level
 Summon Guardian Golem    Hex/Summ       34%        N/A       1%          3
 Orb of Destruction       Conj           16%        9d7       98%         7
 Spellforged Servitor     Conj/Summ      10%        N/A       100%        7


Dungeon Overview and Level Annotations

Branches:
Dungeon (1/1)

Altars:
Cheibriados
Dithmenos
Elyvilon
Fedhas
Gozag
Hepliaklqana
Kikubaaqudgha
Makhleb
Nemelex Xobeh
Okawaru
Qazlal
Ru
Sif Muna
Trog
Uskayaw
Vehumet
Wu Jian
Xom
Yredelemnul
Zin
The Shining One
Jiyva
Lugonu

Shops:
D ![:[[[=(:?*=?!:

Annotations:
D exclusions: oklob plant and orange crystal statue, Roxanne


Innate Abilities, Weirdness & Mutations

You are very small and have problems with some larger weapons.
You are too small for most types of armour.
You have supernaturally acute eyesight. (SInv)
You cover ground extremely quickly. (Speed+++)
You are clumsy. (Dex -2)
You occasionally shout uncontrollably at your foes.


Message History

Casting: Ensorcelled Hibernation (safe; 1% risk of failure)
Confirm with . or Enter, or press ? or * to list all spells.
Your hands begin to glow red.
The kraken completely misses you. x2
You hit the kraken but do no damage.
The kraken is heavily wounded.
The kraken misses you.
You hit the kraken but do no damage.
The kraken appears confused.
The kraken is heavily wounded.
You hit the kraken.
The kraken is heavily wounded.
The kraken bites you.
You catch the helpless kraken completely off-guard!
You impale the kraken!!
The kraken is heavily wounded.
The kraken barely misses you.
You catch the helpless kraken completely off-guard!
You spit the kraken like a pig!!!
The kraken is severely wounded.
You strike the helpless kraken from behind!
You impale the kraken!!
The kraken is almost dead.
The kraken flops around on dry land!
No reachable target in view!
Unknown command.
The kraken dives back into the water!
You hit the kraken but do no damage.
The kraken is almost dead.
You catch the helpless kraken completely off-guard!
You impale the kraken!!
The kraken is almost dead.
The kraken misses you.
You completely miss the kraken.
The kraken is almost dead.
You hit the kraken but do no damage.
The kraken is almost dead.
The kraken bites you!
You hit the kraken but do no damage.
The kraken is almost dead.
The kraken bites you!!
You die...

##.# |▓:(!!?$(?▓▓
..####▓$:)?=[$[▓▓
..##)#▓[([?!!?!▓▓
..#†.#▓($=$?$[!▓▓
..#††#▓:[[?![=$▓▓
..##.#▓[$[$[$($▓▓
#...##▓▓▓▓▓▓▓+▓▓▓▓+▓
§~~~~~~~~~~~~...≈≈≈▓
~#'########+###.@≈≈▓
§#.._._._.#~~§##≈X≈▓
~#._._._..#~§≈§####▓
~#_._._._.#~§§~≈#
~#._._._._#S§~≈§§
~#.._._._.#§~§S~≈
§#..._._._#~§~§§S
§#...._._.#~~
§#....._._#~≈


You could see a kraken (confused).

Vanquished Creatures
  A crystal guardian (D)
  A fire dragon (D)
  An iron elemental (D)
  2 death drakes (D)
  A merfolk siren (D)
  A yaktaur (D)
  3 polar bears (D)
  A hornet (D)
  3 yaks (D)
  4 neqoxecs (D)
  2 water moccasins (D)
  2 swamp drakes (D)
  4 necrophages (D)
  A hell rat (D)
  3 worms (D)
30 creatures vanquished.

Vanquished Creatures (others)
  Menkaure (D)
1 creature vanquished.

Grand Total: 31 creatures vanquished

Notes
Turn   | Place    | Note
-------+----------+-------------------------------------------
     0 | D        | Groucho the Spriggan Enchanter began the quest for the Orb.
     0 | D        | Reached XP level 1. HP: 9/9 MP: 5/5
     3 | D        | Noticed a neqoxec
     3 | D        | Noticed a neqoxec
     3 | D        | Noticed a neqoxec
     3 | D        | Noticed a neqoxec
     7 | D        | Noticed a merfolk siren
    13 | D        | Killed a merfolk siren
    14 | D        | Reached skill level 14 in Stealth
    14 | D        | Reached XP level 2. HP: 13/13 MP: 6/12
    14 | D        | Reached XP level 3. HP: 16/16 MP: 6/13
    14 | D        | Reached XP level 4. HP: 21/21 MP: 6/15
    14 | D        | Reached XP level 5. HP: 24/24 MP: 6/16
    14 | D        | Reached XP level 6. HP: 28/28 MP: 6/18
    25 | D        | Reached skill level 15 in Stealth
    44 | D        | Learned a level 2 spell: Ensorcelled Hibernation
    48 | D        | Learned a level 3 spell: Confusing Touch
    52 | D        | Learned a level 3 spell: Dazzling Flash
    56 | D        | Learned a level 3 spell: Tukima's Dance
    65 | D        | Gained mutation: You occasionally shout uncontrollably at
                  | your foes. [a neqoxec]
    68 | D        | Killed a neqoxec
    69 | D        | Reached skill level 1 in Fighting
    70 | D        | Killed a neqoxec
    71 | D        | Reached skill level 5 in Dodging
    71 | D        | Reached XP level 7. HP: 31/35 MP: 3/20
    74 | D        | Killed a neqoxec
    75 | D        | Reached skill level 10 in Hexes
   121 | D        | Reached skill level 5 in Short Blades
   173 | D        | Reached XP level 8. HP: 39/42 MP: 3/22
   299 | D        | Gained mutation: You are clumsy. (Dex -2) [a neqoxec]
   303 | D        | Reached skill level 16 in Stealth
   324 | D        | Killed Menkaure
   338 | D        | Found Binankuo's Distillery.
   338 | D        | Found Igocywnu's Jewellery Shop.
   338 | D        | Found Voar's Magic Scroll Boutique.
   339 | D        | Found Siomn's Book Boutique.
   340 | D        | Found Daong's Book Shop.
   340 | D        | Found Ykke's Assorted Antiques.
   340 | D        | Found Diwur's Antique Weapon Shop.
   341 | D        | Found Dunetich's Jewellery Shop.
   341 | D        | Found Umpengul's Antique Armour Boutique.
   341 | D        | Noticed a slime creature
   342 | D        | Found Riklokeut's Magic Scroll Boutique.
   342 | D        | Noticed a slime creature
   349 | D        | Found Kuelo's Antique Armour Shop.
   349 | D        | Found Pixumea's Armour Boutique.
   349 | D        | Noticed a slime creature
   349 | D        | Noticed an oklob plant
   350 | D        | Found Reycoikh's Armour Shop.
   350 | D        | Found Tanlounk's Distillery.
   350 | D        | Found Huywacoe's Book Shoppe.
   355 | D        | Noticed a hell hog
   356 | D        | Noticed a hell hog
   360 | D        | Bought a ring of poison resistance for 280 gold pieces
   365 | D        | Noticed a manticore
   368 | D        | Noticed a manticore
   377 | D        | Noticed a manticore
   394 | D        | Bought a book of Dangerous Friends for 440 gold pieces
   410 | D        | Noticed an orange crystal statue
   473 | D        | Found a hazy altar of Hepliaklqana.
   473 | D        | Found a snail-covered altar of Cheibriados.
   474 | D        | Found a stormy altar of Qazlal.
   474 | D        | Found a viscous altar of Jiyva.
   474 | D        | Found a shadowy altar of Dithmenos.
   475 | D        | Found a sacrificial altar of Ru.
   475 | D        | Found an ancient bone altar of Kikubaaqudgha.
   475 | D        | Found a white marble altar of Elyvilon.
   476 | D        | Found an ornate altar of the Wu Jian Council.
   476 | D        | Found a shimmering blue altar of Sif Muna.
   476 | D        | Found a corrupted altar of Lugonu.
   477 | D        | Found a shimmering altar of Xom.
   477 | D        | Found a bloodstained altar of Trog.
   477 | D        | Found a burning altar of Makhleb.
   478 | D        | Found a glowing golden altar of the Shining One.
   478 | D        | Found a basalt altar of Yredelemnul.
   478 | D        | Found a hide-covered altar of Uskayaw.
   479 | D        | Found a glowing silver altar of Zin.
   479 | D        | Found a radiant altar of Vehumet.
   479 | D        | Found a blossoming altar of Fedhas.
   479 | D        | Found a sparkling altar of Nemelex Xobeh.
   479 | D        | Noticed a hornet
   479 | D        | Noticed a polar bear
   480 | D        | Found an opulent altar of Gozag.
   480 | D        | Found an iron altar of Okawaru.
   480 | D        | Noticed a yaktaur
   489 | D        | Became a worshipper of Dithmenos the Shadowed
   500 | D        | Noticed a polar bear
   500 | D        | Noticed a polar bear
   501 | D        | Killed a polar bear
   502 | D        | Reached skill level 1 in Conjurations
   502 | D        | Killed a polar bear
   503 | D        | Reached skill level 10 in Spellcasting
   504 | D        | Killed a polar bear
   504 | D        | Reached * piety under Dithmenos
   505 | D        | Reached skill level 5 in Fighting
   505 | D        | Killed a hornet
   506 | D        | Reached XP level 9. HP: 47/47 MP: 22/24
   507 | D        | Killed a yaktaur
   508 | D        | Reached skill level 10 in Dodging
   522 | D        | Reached ** piety under Dithmenos
   531 | D        | Noticed an iron elemental
   537 | D        | Killed an iron elemental
   537 | D        | Reached *** piety under Dithmenos
   540 | D        | Noticed a deep elf master archer
   546 | D        | Noticed a fire dragon
   549 | D        | Killed a fire dragon
   550 | D        | Reached skill level 5 in Conjurations
   550 | D        | Reached XP level 10. HP: 52/53 MP: 26/26
   643 | D        | Noticed Roxanne
   664 | D        | Bought 2 potions of flight for 60 gold pieces
   672 | D        | Bought a potion of heal wounds for 55 gold pieces
   672 | D        | Bought a potion of heal wounds for 55 gold pieces
   672 | D        | Bought a potion of heal wounds for 55 gold pieces
   672 | D        | Bought a potion of curing for 33 gold pieces
   680 | D        | Bought a potion of might for 40 gold pieces
   680 | D        | Bought a potion of might for 40 gold pieces
   680 | D        | Bought a potion of berserk rage for 50 gold pieces
   688 | D        | Bought a +0 cloak for 49 gold pieces
   728 | D        | Noticed a death drake
   733 | D        | Noticed a death drake
   733 | D        | Noticed a crystal guardian
   737 | D        | Killed a crystal guardian
   737 | D        | Reached **** piety under Dithmenos
   738 | D        | Killed a death drake
   740 | D        | Killed a death drake
   762 | D        | Noticed a kraken
   782 | D        | Slain by a kraken

Illustrated notes

Levels and vault maps discovered:
D:        the_violet_keep_of_menkaure [sprint2_stairs_cluster_1,
          sprint2_shoproom, sprint2_temple, sprint2_basic_supplies,
          sprint2_obstacle_6, sprint2_obstacle_3, sprint2_obstacle_4,
          sprint2_obstacle_5, sprint2_obstacle_1, sprint2_timed_cluster_1,
          sprint2_smallroom_cluster_1, sprint2_smallroom_final_cluster_1,
          sprint2_transparent_cluster_1, sprint2_second_timed_cluster_1,
          sprint2_sniper_area_1, sprint2_heavy_combat_area_1,
          sprint2_mutation_trap_area_1, sprint2_forest_area_1,
          sprint2_light_combat_area_1, sprint2_behind_water_1,
          sprint2_near_end_vault_1]

Skill      XL: |  1  2  3  4  5  6  7  8  9 10 |
---------------+-------------------------------+-----
Stealth        | 14 15 16 | 16.0
Spellcasting   | 8 9 10 11 12 | 12.2
Hexes          | 8 9 10 12 13 14 | 14.0
Fighting       | 2 4 5 6 |  6.9
Short Blades   | 3 5 7 8 9 |  9.3
Dodging        | 5 7 9 12 13 | 13.6
Conjurations   | 3 5 6 |  6.7

Action                   |  1- 3 |  4- 6 |  7- 9 | 10-12 || total
-------------------------+-------+-------+-------+-------++-------
Melee: Dagger            |     5 |    18 |    49 |    19 ||    91
       Punch             |       |       |     2 |       ||     2
 Cast: Ensorcelled Hiber |       |     5 |     6 |     3 ||    14
       Confusing Touch   |       |       |     4 |     1 ||     5
Invok: Shadow Step       |       |       |       |     2 ||     2
  Use: Potion            |     3 |       |     1 |     1 ||     5
       Scroll            |       |       |     1 |       ||     1
 Stab: Invisible         |     1 |     1 |     6 |       ||     8
       Sleeping          |       |     2 |    11 |     8 ||    21
       Confused          |       |       |     4 |     4 ||     8
Dodge: Dodged            |     2 |     8 |    19 |     8 ||    37
